 Dungeon Crawl Stone Soup version 0.30.0-29-ga12c61a403 (webtiles) character file.

Game seed: 4306065449858432188

2429 qw the Blocker (level 9, -1/54 HPs)
             Began as a Gargoyle Fighter on June 5, 2023.
             Killed by divine providence
             ... invoked by an orc priest
              (16 damage)
             ... on level 7 of the Dungeon.
             The game lasted 00:02:49 (6342 turns).

qw the Blocker (Gargoyle Fighter)                   Turns: 6342, Time: 00:02:50

Health: -1/54      AC: 17    Str: 25    XL:     9   Next: 48%
Magic:  9/9        EV: 13    Int:  8    God:
Gold:   394        SH: 15    Dex:  9    Spells: 8/8 levels left

rFire   . . .        Y - +3 war axe
rCold   + . .        v - +0 tower shield
rNeg    + . .        b - +0 scale mail
rPois   inf          (helmet restricted)
rElec   +            p - +0 cloak
rCorr   .            k - +2 pair of gloves
SInv    +            (no boots)
Will    .....        (no amulet) Stlth
                     s - ring of protection from cold
HPRegen 0.29/turn    r - +5 ring of evasion
MPRegen 0.11/turn

%: no passive effects
@: no status effects
A: sickness immunity, AC +6, negative energy resistance 1, electricity
resistance, torment resistance 1, petrification resistance, beak, see invisible
a: no special abilities


You were on level 7 of the Dungeon.
You visited 2 branches of the dungeon, and saw 8 of its levels.
You also visited: Ossuary.

You collected 394 gold pieces.


Innate Abilities, Weirdness & Mutations

You are immune to sickness and miasma.
Your stone body is resilient. (AC +6)
You are immune to poison.
You resist negative energy. (rN+)
You are resistant to electric shocks. (rElec)
You are resistant to unholy torment.
You are immune to petrification.
You have a beak for a mouth.
You have supernaturally acute eyesight. (SInv)


   Skills:
 - Level 5.0 Fighting
 - Level 7.1 Axes
 - Level 1.0 Throwing
 - Level 3.2 Armour
 - Level 1.5 Dodging
 + Level 10.3 Shields


You had 8 spell levels left.
You didn't know any spells.
Your spell library was empty.

Inventory:

Hand Weapons
 n - a +0 morningstar
 Y - a +3 war axe (weapon)
Armour
 b - a +0 scale mail (worn)
 k - a +2 pair of gloves (worn)
 p - a +0 cloak (worn)
 v - a +0 tower shield (worn)
Jewellery
 r - a +5 ring of evasion (right hand)
 s - a ring of protection from cold (left hand)
Scrolls
 a - 2 scrolls of identify
 m - 3 scrolls of teleportation
Potions
 d - 3 potions of might
 e - a potion of resistance
 f - 4 potions of lignification
 g - 2 potions of cancellation
 h - a potion of heal wounds
 i - 4 potions of mutation
 j - 3 potions of haste
 l - 2 potions of attraction
 o - 4 potions of curing

Dungeon Overview and Level Annotations

Branches:
Dungeon (7/15)             Temple (1/1) D:4         Ossuary (visited)

Altars:
Ashenzari
Cheibriados
Dithmenos
Elyvilon
Fedhas
Gozag
Kikubaaqudgha
Okawaru
Qazlal
Sif Muna
Vehumet
Wu Jian
Xom
Yredelemnul
Zin


Message History

The orc wizard barely misses you.
The ice beast hits you but does no damage.
You block the water moccasin's attack.
You closely miss the water moccasin. You peck the water moccasin.
You kill the water moccasin!
You hit the orc. You slash the black bear! You barely miss the ice beast.
You block the orc's attack.
The ice beast hits you but does no damage.
You block the black bear's attack. The black bear misses you.
The black bear claws you but does no damage.
You closely miss the black bear.
The black bear is heavily wounded.
You hit the iguana. You slash the ice beast! You closely miss the orc.
You block the orc's attack.
The ice beast hits you but does no damage.
An orc priest comes into view. It is wielding a +0 mace.
You block the black bear's attack. The black bear closely misses you.
The black bear claws you but does no damage.
The iguana barely misses you.
You barely miss the black bear.
The black bear is heavily wounded.
You barely miss the orc. You closely miss the iguana.
The orc priest shouts!
You slash the ice beast! You block the orc's attack.
The iguana bites you but does no damage.
The ice beast hits you. The ice beast freezes you. You resist.
The black bear bites you. The black bear closely misses you.
The black bear claws you but does no damage.
The orc priest calls down the wrath of Beogh upon you.
Beogh smites you!
The black bear bites you but does no damage.
The black bear claws you but does no damage.
The black bear misses you.
The orc wizard casts a spell.
The orc wizard flickers and vanishes for a moment.
You block the iguana's attack. The ice beast completely misses you.
The orc priest calls down the wrath of Beogh upon you.
Beogh smites you!
You die...

### .# ... ... .....
.o. # #.?.7 .#..# #
..7.7 ....# # 7.7.7 o.#
# 7.7.7$7o.# #########
7.Zl7o7.# #......).
7@7..# #.....###
7Y7h..#####..8..#
7Z7..............#
..7.?.#.[##.......#
..............?.#### #
####.....#.##....######
....$###..####.......
#.#### .... ........ ..
##### ........


You could see a black bear, an ice beast, an iguana, 2 orc priests, an orc
wizard (invisible), an orc, a killer bee zombie and a centaur zombie.

Vanquished Creatures
  A komodo dragon (D:6)
  2 water moccasins
  A sky beast (D:7)
  A black bear (D:4)
  3 ogres
  A bullfrog (D:7)
  2 elf zombies (Ossuary)
  4 scorpions
  3 wights (D:7)
  4 killer bees
  A howler monkey (D:7)
  An electric eel (D:6)
  2 centaur zombies (D:7)
  A jelly (D:5)
  An orc priest (D:4)
  3 hounds
  A gnoll bouda (D:6)
  A human zombie (D:6)
  Jessica (D:3)
  2 iguanas (D:6)
  A sleepcap (D:6)
  An orc wizard (D:5)
  A hound zombie (Ossuary)
  4 mummies (Ossuary)
  3 gnolls (D:6)
  6 adders
  2 shadow imps
  2 white imps
  3 worms
  3 dart slugs
  13 orcs
  6 ball pythons
  3 endoplasms
  8 hobgoblins
  10 jackals
  8 quokkas
  7 bats
  5 goblins
  2 goblin zombies (Ossuary)
  3 hobgoblin zombies (Ossuary)
  5 kobolds
  2 orc zombies (Ossuary)
  4 rats
  2 rat zombies (Ossuary)
140 creatures vanquished.

Notes
Turn   | Place    | Note
-------+----------+-------------------------------------------
     0 | D:1      | qw the Gargoyle Fighter began the quest for the Orb.
     0 | D:1      | Reached XP level 1. HP: 14/14 MP: 1/1
     0 | D:1      | 0 ||| qw: Version: 0.2-a-108-gee2c290
     0 | D:1      | 0 ||| qw: Game counter: 1409
     0 | D:1      | 0 ||| qw: Always use a shield: true
     0 | D:1      | 0 ||| qw: God list: Okawaru
     0 | D:1      | 0 ||| qw: Allow faded altars: false
     0 | D:1      | 0 ||| qw: Do Orc after D:15 true
     0 | D:1      | 0 ||| qw: Do second Lair branch before Depths: true
     0 | D:1      | 0 ||| qw: Lair rune preference: random
     0 | D:1      | 0 ||| qw: Plans: Normal, Zot:1-4, Slime:5, God:TSO, Crypt,
                  | Tomb, Abyss, Pan, Hells, Win
     0 | D:1      | 0 ||| PLANNING D:1-11
   202 | D:1      | Reached XP level 2. HP: 19/19 MP: 2/2
   608 | D:1      | Reached skill level 3 in Axes
   845 | D:1      | 845 ||| READING 2 scrolls labelled POFROUCHEU.
   846 | D:1      | 846 ||| READING scroll labelled GUESMA PYLAEN.
   847 | D:1      | 847 ||| READING scroll labelled HAASYP MAMEMMEMEUNN.
   848 | D:1      | 848 ||| READING scroll labelled KESKITWENOE.
   849 | D:1      | 849 ||| READING scroll labelled DAJEWAKEOW.
   867 | D:2      | 867 ||| STAIRDANCE
   888 | D:2      | Reached skill level 1 in Throwing
   888 | D:2      | Reached XP level 3. HP: 23/23 MP: 3/3
   938 | D:2      | 938 ||| Stepping ~*~*~tactically~*~*~ (stealth).
  1189 | D:2      | Found a shimmering altar of Xom.
  1408 | D:2      | 1408 ||| Stepping ~*~*~tactically~*~*~ (hiding).
  1416 | D:2      | Reached XP level 4. HP: 28/28 MP: 4/4
  1662 | D:2      | 1662 ||| UPGRADING to +0 pair of gloves.
  1667 | D:2      | 1667 ||| READING 2 scrolls labelled DAOFU KUZ COAL.
  1668 | D:2      | 1668 ||| READING 3 scrolls labelled LOSESS RIEDUQO.
  1669 | D:2      | 1669 ||| READING 2 scrolls labelled XYZOTO TIPLIO.
  1670 | D:2      | 1670 ||| DRINKING 2 blue potions.
  1671 | D:2      | 1671 ||| READING 2 scrolls of identify.
  1671 | D:2      | 1671 ||| IDENTIFYING brown potion
  1672 | D:2      | 1672 ||| DROPPING scroll of amnesia.
  1673 | D:2      | 1673 ||| DROPPING 2 scrolls of noise.
  1674 | D:2      | 1674 ||| DROPPING scroll of fog.
  1882 | D:3      | 1882 ||| Stepping ~*~*~tactically~*~*~ (stealth).
  1916 | D:3      | Found a snail-covered altar of Cheibriados.
  1960 | D:3      | Identified the +2 leather armour of Fanaticism {Int+6}
  2137 | D:3      | Found a shimmering altar of Xom.
  2178 | D:3      | 2178 ||| Stepping ~*~*~tactically~*~*~ (stealth).
  2204 | D:3      | 2204 ||| DROPPING +0 whip.
  2256 | D:3      | Found an ornate altar of the Wu Jian Council.
  2515 | D:3      | Noticed Jessica
  2516 | D:3      | 2516 ||| Stepping ~*~*~tactically~*~*~ (hiding).
  2517 | D:3      | 2517 ||| Stepping ~*~*~tactically~*~*~ (hiding).
  2519 | D:3      | 2519 ||| Stepping ~*~*~tactically~*~*~ (hiding).
  2525 | D:3      | Killed Jessica
  2526 | D:3      | Reached XP level 5. HP: 30/32 MP: 5/5
  2590 | D:3      | 2590 ||| DROPPING +2 leather armour of Fanaticism {Int+6}.
  2591 | D:3      | 2591 ||| READING scroll labelled DEGYNW TYIX.
  2594 | D:3      | 2594 ||| DRINKING 2 orange potions.
  2594 | D:3      | Gained mutation: You have supernaturally acute eyesight.
                  | (SInv) [potion of mutation]
  2594 | D:3      | Gained mutation: You have a beak for a mouth. [potion of
                  | mutation]
  2595 | D:3      | 2595 ||| DRINKING 2 red potions.
  2596 | D:3      | 2596 ||| READING 5 scrolls of identify.
  2596 | D:3      | 2596 ||| IDENTIFYING viscous dark potion
  2597 | D:3      | 2597 ||| READING 4 scrolls of identify.
  2597 | D:3      | 2597 ||| IDENTIFYING bubbling brown potion
  2598 | D:3      | 2598 ||| READING 3 scrolls of identify.
  2598 | D:3      | 2598 ||| IDENTIFYING fuming silvery potion
  2599 | D:3      | 2599 ||| DROPPING potion of brilliance.
  2615 | D:4      | Found an ancient bone altar of Kikubaaqudgha.
  2665 | D:4      | Noticed a black bear
  2676 | D:4      | Killed a black bear
  2778 | D:4      | Found a staircase to the Ecumenical Temple.
  2779 | D:4      | 2779 ||| PLANNING TEMPLE
  2786 | Temple   | Entered the Ecumenical Temple
  2896 | Temple   | 2896 ||| PLANNING D:1-11
  2974 | D:4      | Found a shadowy altar of Dithmenos.
  3004 | D:4      | Reached XP level 6. HP: 37/37 MP: 6/6
  3066 | D:4      | 3066 ||| Stepping ~*~*~tactically~*~*~ (hiding).
  3198 | D:4      | 3198 ||| FLEEEEING.
  3205 | D:4      | 3205 ||| FLEEEEING.
  3206 | D:4      | 3206 ||| FLEEEEING.
  3212 | D:4      | 3212 ||| FLEEEEING.
  3213 | D:4      | 3213 ||| FLEEEEING.
  3214 | D:4      | 3214 ||| FLEEEEING.
  3215 | D:4      | 3215 ||| FLEEEEING.
  3216 | D:4      | 3216 ||| FLEEEEING.
  3217 | D:4      | 3217 ||| FLEEEEING.
  3218 | D:4      | 3218 ||| FLEEEEING.
  3219 | D:4      | 3219 ||| FLEEEEING.
  3220 | D:4      | 3220 ||| FLEEEEING.
  3221 | D:4      | 3221 ||| FLEEEEING.
  3222 | D:4      | 3222 ||| FLEEEEING.
  3223 | D:4      | 3223 ||| FLEEEEING.
  3224 | D:4      | 3224 ||| FLEEEEING.
  3225 | D:4      | 3225 ||| FLEEEEING.
  3226 | D:4      | 3226 ||| FLEEEEING.
  3227 | D:4      | 3227 ||| FLEEEEING.
  3233 | D:4      | 3233 ||| FLEEEEING.
  3234 | D:4      | 3234 ||| FLEEEEING.
  3240 | D:4      | 3240 ||| FLEEEEING.
  3241 | D:4      | 3241 ||| FLEEEEING.
  3242 | D:4      | 3242 ||| FLEEEEING.
  3243 | D:4      | 3243 ||| FLEEEEING.
  3415 | D:4      | 3415 ||| READING scroll of enchant armour.
  3415 | D:4      | 3415 ||| ENCHANTING +0 pair of gloves.
  3453 | D:4      | Reached skill level 1 in Dodging
  3825 | D:4      | 3825 ||| READING 3 scrolls of identify.
  3825 | D:4      | 3825 ||| IDENTIFYING fuming pink potion
  3826 | D:4      | 3826 ||| READING 2 scrolls of identify.
  3826 | D:4      | 3826 ||| IDENTIFYING emerald potion
  3850 | D:5      | Entered Level 5 of the Dungeon
  3986 | D:5      | 3986 ||| DRINKING 2 potions of curing.
  3986 | D:5      | 3986 ||| (to cure confusion)
  4050 | D:5      | Reached XP level 7. HP: 43/43 MP: 7/7
  4062 | D:5      | Reached skill level 6 in Axes
  4133 | D:5      | Found an opulent altar of Gozag.
  4396 | D:5      | 4396 ||| UPGRADING to +0 tower shield.
  4406 | D:5      | 4406 ||| DROPPING +0 buckler.
  4407 | D:5      | 4407 ||| UPGRADING to ring of protection from cold.
  4408 | D:5      | 4408 ||| READING 2 scrolls labelled NUBAFO WERO.
  4409 | D:5      | 4409 ||| READING scroll labelled VUCOTI FE ZACS.
  4442 | D:5      | 4442 ||| READING 2 scrolls of identify.
  4442 | D:5      | 4442 ||| IDENTIFYING clear potion
  4443 | D:5      | 4443 ||| DROPPING scroll of poison.
  4444 | D:5      | 4444 ||| DROPPING potion of ambrosia.
  4535 | D:6      | 4535 ||| PLANNING OSSUARY
  4548 | D:6      | Found a sand-covered staircase.
  4566 | Ossuary  | Entered an ossuary
  4582 | Ossuary  | Reached skill level 4 in Shields
  4638 | Ossuary  | Reached skill level 5 in Shields
  4688 | Ossuary  | 4688 ||| READING scroll of enchant armour.
  4688 | Ossuary  | 4688 ||| ENCHANTING +1 pair of gloves.
  4772 | Ossuary  | 4772 ||| UPGRADING to +5 ring of evasion.
  4773 | Ossuary  | 4773 ||| READING scroll labelled XIL FUIPHANLO.
  4774 | Ossuary  | 4774 ||| READING 2 scrolls labelled JIUSAG RUBBO.
  4775 | Ossuary  | 4775 ||| READING scroll of enchant weapon.
  4775 | Ossuary  | 4775 ||| ENCHANTING +1 war axe.
  4776 | Ossuary  | 4776 ||| DRINKING 3 fizzy ruby potions.
  4777 | Ossuary  | 4777 ||| DROPPING 2 potions of flight.
  4793 | D:6      | 4793 ||| PLANNING D:1-11
  4801 | D:6      | Reached XP level 8. HP: 47/48 MP: 8/8
  4875 | D:6      | Reached skill level 6 in Shields
  5113 | D:6      | 5113 ||| READING scroll of enchant weapon.
  5113 | D:6      | 5113 ||| ENCHANTING +2 war axe.
  5114 | D:6      | 5114 ||| DROPPING +1 hand axe of holy wrath.
  5156 | D:6      | 5156 ||| Stepping ~*~*~tactically~*~*~ (hiding).
  5243 | D:6      | 5243 ||| Stepping ~*~*~tactically~*~*~ (hiding).
  5519 | D:6      | Reached skill level 7 in Shields
  5758 | D:6      | 5758 ||| Stepping ~*~*~tactically~*~*~ (hiding).
  5760 | D:6      | 5760 ||| Stepping ~*~*~tactically~*~*~ (hiding).
  5912 | D:6      | 5912 ||| READING scroll labelled YRIVIA RO DOGO.
  5913 | D:6      | 5913 ||| READING scroll labelled ASUAHAD BEIG.
  5914 | D:6      | 5914 ||| READING 3 scrolls of identify.
  5914 | D:6      | 5914 ||| IDENTIFYING fuming cyan potion
  5915 | D:6      | 5915 ||| DROPPING potion of berserk rage.
  5939 | D:7      | Noticed a komodo dragon
  5946 | D:7      | Reached skill level 8 in Shields
  5949 | D:7      | 5949 ||| STAIRDANCE
  5963 | D:6      | Killed a komodo dragon
  5964 | D:6      | Reached skill level 9 in Shields
  5964 | D:6      | Reached XP level 9. HP: 20/52 MP: 9/9
  6088 | D:7      | 6088 ||| STAIRDANCE
  6092 | D:6      | Reached skill level 10 in Shields
  6222 | D:7      | Identified the +0 ring mail of the Lion {+Blink rElec}
  6317 | D:7      | Found an iron altar of Okawaru.
  6318 | D:7      | 6318 ||| PLANNING OKAWARU WORSHIP
  6318 | D:7      | 6318 ||| DROPPING +0 ring mail of the Lion {+Blink rElec}.
  6319 | D:7      | 6319 ||| UPGRADING to +0 cloak.
  6342 | D:7      | Killed from afar by an orc priest

Levels and vault maps discovered:
D:1:      zelgadis_glass_arrival_small, layout_basic
D:2:      layout_loops_ring, basic_altar
D:3:      layout_loops_cross, nicolae_wu_jian_glorious_leap,
          mainiacjoe_overflow_alcove_4, mainiacjoe_overflow_24_doors,
          minivault_24, fountainhead, kennysheep_jessica_study
D:4:      layout_basic, mainiacjoe_overflow_chevrons, lemuel_crystal_altar,
          minmay_temple_entry_glassed_door, minmay_misc_feat_columns,
          grunt_ministairs_5
D:5:      layout_gridville, amcnicky_altar_gilded, serial_rivers,
          chequers_serial_rivers_micro_a, chequers_serial_rivers_micro_d,
          chequers_serial_rivers_micro_c, chequers_serial_rivers_large_a,
          chequers_serial_rivers_micro_e, chequers_serial_rivers_room_a
D:6:      layout_loops_corners, enter_ossuary_3, kennysheep_opposing_triangles
D:7:      layout_rooms, okawaru_trees_2, general_overflow_altar, serial_undead,
          serial_undead_d, serial_undead_d, serial_undead_e, serial_undead_d
Temple:   nicolae_temple_two_arcs

Skill      XL: |  1  2  3  4  5  6  7  8  9 |
---------------+----------------------------+-----
Axes           | 2 3 4 5 6 7 |  7.1
Throwing       | 1 |  1.0
Fighting       | 4 5 |  5.0
Dodging        | 1 |  1.5
Shields        | 5 9 10 | 10.3
Armour         | |  3.2

Action                     |  1- 3 |  4- 6 |  7- 9 || total
---------------------------+-------+-------+-------++-------
  Melee: War axe           |    93 |   106 |   183 ||   382
         Peck              |       |    12 |    27 ||    39
  Throw: Javelin           |    18 |    59 |     5 ||    82
         Boomerang         |       |       |    32 ||    32
    Use: Scroll            |     5 |    11 |    11 ||    27
         Potion            |       |     4 |     1 ||     5
 Armour: Scale mail        |    49 |    67 |   104 ||   220
  Dodge: Dodged            |    44 |    64 |   126 ||   234
  Block: Buckler           |    23 |    18 |     4 ||    45
         Tower shield      |       |       |   180 ||   180

Table legend:
 A = Non-vault XP
 B = Vault XP
 C = Vault XP percentage of total XP
 D = Non-vault monster count
 E = Vault monster count
 F = Vault count percentage of total count
                 A         B        C        D         E       F
            +---------+---------+-------+---------+---------+-------
      Total |    2585 |     886 |  25.5 |     110 |      30 |  21.4
            +---------+---------+-------+---------+---------+-------
        D:1 |      32 |       0 |   0.0 |      17 |       0 |   0.0
        D:2 |      53 |       0 |   0.0 |      15 |       0 |   0.0
        D:3 |      55 |      39 |  41.5 |      21 |       2 |   8.7
        D:4 |     350 |      15 |   4.1 |      23 |       2 |   8.0
        D:5 |     263 |       0 |   0.0 |       9 |       0 |   0.0
        D:6 |    1349 |     234 |  14.8 |      20 |       5 |  20.0
        D:7 |     483 |     314 |  39.4 |       5 |       5 |  50.0
    Ossuary |       0 |     284 | 100.0 |       0 |      16 | 100.0
            +---------+---------+-------+---------+---------+-------
